 Dungeon Crawl Stone Soup version 0.20-a0-864-g92acfd1 (webtiles) character file.

53 polly the Shield-Bearer (level 3, -2/23 HPs)
             Began as a Gargoyle Fighter on Mar 12, 2017.
             Slain by Sigmund
             ... wielding a +0 scythe
              (6 damage)
             ... on level 2 of the Dungeon.
             The game lasted 00:01:00 (827 turns).

polly the Shield-Bearer (Gargoyle Fighter)           Turns: 827, Time: 00:01:01

Health: -2/23      AC: 10    Str: 24    XL:     3   Next: 89%
Magic:  3/3        EV:  8    Int:  8    God:
Gold:   68         SH:  0    Dex: 10    Spells: 2/2 levels left

rFire    . . .     SeeInvis .   a - +0 flail
rCold    . . .     Gourm    .   b - +0 scale mail
rNeg     + . .     Faith    .   c - +0 shield
rPois    ∞         Spirit   .   (no helmet)
rElec    +         Reflect  .   (no cloak)
rCorr    .         Harm     .   (no gloves)
MR       .....                  (no boots)
Stlth    ..........             (no amulet)
Regen    0.1/turn               (no ring)
MPRegen  0.1/turn               (no ring)

@: confused, mighty
A: negative energy resistance 1, electricity resistance, unbreathing,
petrification resistance, rot immunity, AC +3
a: no special abilities


You were on level 2 of the Dungeon.
You were not hungry.

You visited 1 branch of the dungeon, and saw 2 of its levels.

You collected 68 gold pieces.

Inventory:

Hand Weapons
 a - a +0 flail (weapon)
Armour
 b - a +0 scale mail (worn)
 c - a +0 shield (worn)
Jewellery
 g - an uncursed ring of protection from fire {unknown}
Scrolls
 e - a scroll of enchant weapon {unknown}
 h - a scroll of identify {unknown}
 i - a scroll of random uselessness {unknown}
 j - a scroll of fog {unknown}
 k - a scroll of recharging {unknown}
 m - a scroll of remove curse {unknown}
Potions
 n - a potion of mutation {unknown}
Comestibles
 f - a bread ration
 l - 3 fruits


   Skills:
 + Level 3.3 Fighting
 + Level 2.8 Maces & Flails
 + Level 3.7 Armour
 + Level 0.7 Dodging
 + Level 3.9 Shields


You had 2 spell levels left.
You didn't know any spells.

Dungeon Overview and Level Annotations

Branches:
Dungeon (2/15)

Altars:

Annotations:
D:2 Sigmund


Innate Abilities, Weirdness & Mutations

You are resistant to torment.
Your stone body is resilient. (AC +3)
You are immune to poison.
You resist negative energy. (rN+)
You are resistant to electric shocks. (rElec)
You can survive without breathing.
You are immune to petrification.
You are immune to rotting.


Message History

Sigmund is severely wounded.
You block Sigmund's attack.
You barely miss Sigmund.
Sigmund is severely wounded.
You hit Sigmund.
Sigmund is almost dead.
Sigmund hits you with a scythe.
* * * LOW HITPOINT WARNING * * *
You hit Sigmund.
Sigmund is almost dead.
Sigmund casts a spell.
Sigmund flickers and vanishes!
Deactivating autopickup; reactivate with Ctrl-A.
You hear some strange, mumbled words.
You are confused.
You feel very mighty all of a sudden.
You hear some strange, mumbled words.
You are more confused.
Something hits you.
You die...

## .....?. .. #. #?....#
..##........#
.......#.....#
.............# .
..##......#.....##..
...........††.......
#...........{....#.#
#..........@.....#[#
#............?...#.#
#####..........>...$.#.#
##....................#.#
....##..................#
........................#
....##.......##.......<.#
. ##.#######(......[...#
#.......#.#####.........


There were no monsters in sight!

Vanquished Creatures
  2 adders (D:2)
  A dart slug (D:2)
  A ball python (D:2)
  3 giant cockroaches (D:1)
  4 goblins (D:1)
  5 hobgoblins
  A jackal (D:1)
  4 bats
  4 frilled lizards (D:1)
  2 kobolds (D:1)
  8 rats
35 creatures vanquished.

Notes
Turn   | Place    | Note
-------+----------+-------------------------------------------
     0 | D:1      | polly the Gargoyle Fighter began the quest for the Orb.
     0 | D:1      | Reached XP level 1. HP: 14/14 MP: 1/1
    77 | D:1      | Reached XP level 2. HP: 18/19 MP: 2/2
   320 | D:1      | Reached XP level 3. HP: 22/23 MP: 3/3
   808 | D:2      | Noticed Sigmund
   827 | D:2      | Slain by Sigmund

Vault maps used:
D:1:      mrwooster_arrival_statue_3, minmay_tiny_reverse_x
D:2:      overflow_temple_1_default, lemuel_zombie_altar_kikubaaqudgha,
          ashenzari_altar_1, uniq_sigmund

Action                   || total
-------------------------++-------
Melee: Flail             ||   162
  Use: Potion            ||     1
Armor: Scale mail        ||   141
Dodge: Dodged            ||    75
Block: Shield            ||   124
